Unix NetHack Version 5.0.0-0 post-release - last build May  4 2026 22:22:43 (774f63e81ad911689b3a0859ea89b322d5daca8d,branch:main).

Game began 2026-05-08 05:52:52, ended 2026-05-08 10:28:10.

2459832143, lawful male human Knight

                                                                          ---
                                                                  ---   ---.--
                                                                  |@|   |....|
                                                        |        --h----|...--
                                                  --......       |.....||...--
                                                  #............# #..%..----..--
                                                  --   -- | ---  -.%....| |%..|
                                                                -...--..| |..--
                                                               -..-----.|--..|
                                                              |..-    |.--..--
                                                              |.      |.....|
                                                              .       --<^.--
                                                                      |.....|
                                                                      |.....-
                                                                      --.....
                                                                       |......|
                                                                       |..|..--
                                                                       -------

2459832143 the Esquire   St:15 Dx:8 Co:9 In:7 Wi:17 Ch:18  Lawful
Dlvl:4  $:24 HP:0(32) Pw:29(29) AC:3  Xp:3 T:635 

Latest messages:
 You read: "C?ant bats  urn irto giant vam?ircs."
 You see here 10 gold pieces.
 $ - 10 gold pieces (24 in total).
 You descend the stairs.
 The gnome lord hits!
 You hit the gnome lord!
 The gnome lord hits!
 You hit the gnome lord!
 The gnome lord hits!
 You kill the gnome lord!
 Welcome to experience level 3.
 You see here a gnome lord corpse.
 The hobbit shoots a rock!
 You are hit by a rock.
 A little dart shoots out at you!
 You are hit by a little dart.
 You hit the hobbit.
 The hobbit escapes upstairs!
 You hear crashing rock.
 The gnome throws a cream pie!
 You are almost hit by a cream pie.
 You hit the gnome.
 The gnome hits!
 You hit the gnome.
 You kill the gnome!
 You see here a gnome corpse.
 You have much trouble lifting a gnome corpse.  Continue? [ynq] (q) n
 You feel tough!
 You must have been leading a healthy life-style.
 You hear crashing rock.
 You kill the gnome!
 You hear crashing rock.
 The gnome throws a dagger!
 The dagger hits the dwarf.
 The dwarf picks up a dagger.
 You miss the dwarf.
 The dwarf swings his pick-axe.
 The dwarf hits!
 You hit the dwarf!
 The dwarf swings his pick-axe.
 The dwarf hits!
 You miss the dwarf.
 The dwarf swings his pick-axe.
 The dwarf hits!
 You die...
 Do you want your possessions identified? [ynq] (y) y
 Do you want to see your attributes? [ynq] (y) y
 Do you want an account of creatures vanquished? [ynaq] (y) y
 Do you want to see your conduct and achievements? [ynq] (y) y
 Do you want to see the dungeon overview? [ynq] (y) y

Inventory:
 Coins    ('$')
  $ - 24 gold pieces
 Weapons  (')')
  a - a +1 long sword (weapon in right hand)
  b - a +1 lance (alternate weapon; not wielded)
 Armor    ('[')
  d - an uncursed +0 helmet (being worn)
  f - an uncursed +0 pair of leather gloves (being worn)
  e - an uncursed +0 small shield (being worn)
  c - an uncursed +1 ring mail (being worn)
 Comestibles  ('%')
  g - 12 uncursed apples
  h - 11 uncursed carrots
 Potions  ('!')
  j - an uncursed potion of healing
 Gems/Stones  ('*')
  k - an uncursed agate stone

2459832143 the Knight's attributes:

Background:
 You were an Esquire, a level 3 male human Knight.
 You were lawful, on a mission for Lugh
 who was opposed by Brigit (neutral) and Manannan Mac Lir (chaotic).
 You were right-handed.
 You were in the Gnomish Mines, on level 4.
 You entered the dungeon 635 turns ago.
 You had 55 experience points, 25 more were needed to attain level 4.

Basics:
 You had 0 out of 32 hit points.
 You had all 29 energy points (spell power).
 Your armor class was 3.
 Your wallet contained 24 zorkmids.
 Autopickup was off.

Final Characteristics:
 Your strength was 15 (limit:18/100).
 Your dexterity was 8 (limit:18).
 Your constitution was 9 (limit:18).
 Your intelligence was 7 (limit:18).
 Your wisdom was 17 (limit:18).
 Your charisma was 18 (limit:18).

Final Status:
 You weren't hungry.
 You were unencumbered.
 You were wielding a long sword.
 You had basic skill with long sword.

Final Attributes:
 You were fervently aligned.
 You could jump.
 You were warded.
 You are dead.

Miscellaneous:
 You didn't encounter any bones levels.
 Total elapsed playing time was 32 minutes and 58 seconds.

Major events:
 Turn
    1: 2459832143 the lawful male human Knight entered the dungeon
  547: entered the Gnomish Mines
  554: attained the rank of Esquire (level 3)
  635: killed by a dwarf

You didn't know any spells.

Skills:
 Fighting Skills
   bare handed combat [Unskilled]
   two weapon combat  [Unskilled]
   riding             [Basic]
 Weapon Skills
   dagger             [Unskilled]
   knife              [Unskilled]
   axe                [Unskilled]
   pick-axe           [Unskilled]
   short sword        [Unskilled]
   broadsword         [Unskilled]
   long sword         [Basic]
   two-handed sword   [Unskilled]
   saber              [Unskilled]
   club               [Unskilled]
   mace               [Unskilled]
   morning star       [Unskilled]
   flail              [Unskilled]
   hammer             [Unskilled]
   polearms           [Unskilled]
   spear              [Unskilled]
   trident            [Unskilled]
   lance              [Basic]
   bow                [Unskilled]
   crossbow           [Unskilled]
 Spellcasting Skills
   attack spells      [Unskilled]
   healing spells     [Unskilled]
   clerical spells    [Unskilled]

Voluntary challenges:
 Character rerolling was not enabled.
 You went without food.
 You were an atheist.
 You were illiterate.
 You never genocided any monsters.
 You never polymorphed an object.
 You never changed form.
 You used no wishes.
Achievements:
 You entered the Gnomish Mines.
 You attained the rank of Esquire.

 The Dungeons of Doom: levels 1 to 3
    Level 1:
    Level 2:
       A fountain.
    Level 3:
       A grave.
       Stairs down to The Gnomish Mines.
 The Gnomish Mines:
    Level 4: <- You were here.
       Final resting place for
          you, killed by a dwarf.


Vanquished creatures:
  a gnome leader
  2 giant rats
  3 gnomes
  2 jackals
  a fox
  a kobold
  2 goblins
  2 grid bugs
  a lichen
  5 newts
20 creatures vanquished.

No species were genocided or became extinct.

Game over:
                       ----------
                      /          \
                     /    REST    \
                    /      IN      \
                   /     PEACE      \
                  /                  \
                  |    2459832143    |
                  |      24 Au       |
                  |   killed by a    |
                  |      dwarf       |
                  |                  |
                  |                  |
                  |       2026       |
                 *|     *  *  *      | *
        _________)/\\_//(\/(/\)/\//\/|_)_______

Fare thee well 2459832143 the Knight...

You died in The Gnomish Mines on dungeon level 4 with 402 points,
and 24 pieces of gold, after 635 moves.
You were level 3 with a maximum of 32 hit points when you died.

